 Dungeon Crawl Stone Soup version 0.31.0-7-gf635a9b802 (webtiles) character file.

Game seed: 15121372950701821191

1762 monsoonserge the Ducker (level 9, -3/62 HPs)
             Began as a Djinni Monk on Jan 24, 2024.
             Slain by a boulder beetle (21 damage)
             ... on level 6 of the Dungeon.
             The game lasted 00:20:48 (4971 turns).

monsoonserge the Ducker (Djinni Monk)               Turns: 4971, Time: 00:20:49

Health: -3/62      AC:  7    Str: 10    XL:     9   Next: 27%
Gold:   240        EV: 15    Int: 16    God:
                   SH:  0    Dex: 16

rFire   + + .        o - +0 shortbow
rCold   x . .        (shield currently unavailable)
rNeg    + . .        z - +0 robe {rN+}
rPois   ∞            (no helmet)
rElec   .            j - +0 cloak
rCorr   .            (no gloves)
SInv    .            (boots unavailable)
Will    .....        (no amulet)
Stlth   +            y - +4 ring of protection
HPRegen 0.30/turn    (no ring)
MPRegen 0.00/turn

%: infuse magic (-4 HP)
@: flying
A: sickness immunity, fire resistance 2, cold vulnerability 1, float, innate
caster, HP casting, extra vitality 1
a: no special abilities


You were on level 6 of the Dungeon.
You visited 1 branch of the dungeon, and saw 6 of its levels.

You collected 240 gold pieces.

Inventory:

Hand Weapons
 a - a +0 falchion
 o - a +0 shortbow (weapon)
Missiles
 f - 9 boomerangs
 s - 4 atropa-tipped darts
Armour
 d - an orb of light
 j - a +0 cloak (worn)
 z - a +0 robe of positive energy (worn)
Magical Staves
 g - a staff of cold
 m - a staff of death
Jewellery
 y - a +4 ring of protection (left hand)
Wands
 b - a wand of flame (39)
Scrolls
 e - 4 scrolls of teleportation {unknown}
 h - a scroll of noise {unknown}
 i - 4 scrolls of identify {unknown}
 q - a scroll of enchant armour {unknown}
 r - 2 scrolls of immolation {unknown}
 u - a scroll of enchant weapon {unknown}
 w - a scroll of poison {unknown}
Potions
 c - a potion of ambrosia
 k - a potion of magic {unknown}
 l - 2 potions of invisibility {unknown}
 n - a potion of haste {unknown}
 p - a potion of mutation {unknown}
 t - a potion of degeneration {unknown}
 v - 4 potions of curing {unknown}
 x - 2 potions of heal wounds {unknown}
 A - a potion of berserk rage {unknown}
 B - a potion of attraction {unknown}


   Skills:
 - Level 4.0 Fighting
 - Level 3.3 Long Blades
 - Level 3.0 Ranged Weapons
 - Level 4.4 Armour
 - Level 6.0 Dodging
 + Level 5.7 Spellcasting
 + Level 5.7 Conjurations
 + Level 5.7 Hexes
   Level 0.0 Charms
 + Level 5.7 Summonings
 + Level 5.7 Necromancy
 + Level 5.7 Translocations
   Level 0.0 Transmutations
 + Level 5.7 Fire Magic
 + Level 5.7 Ice Magic
 + Level 5.7 Air Magic
 + Level 5.7 Earth Magic
 + Level 5.7 Alchemy


You knew the following spells:

 Your Spells              Type           Power      Damage    Failure   Level
a - Summon Small Mammal   Summ           88%        N/A       1%          1
b - Scorch                Fire           44%        2d6       1%          2
c - Tukima's Dance        Hex            22%        N/A       4%          3
d - Airstrike             Air            11%        2d(2-18)  14%         4
Your spell library was empty.

Dungeon Overview and Level Annotations

Branches:
Dungeon (6/15)
 Temple: D:4-7

Altars:
Ashenzari
Okawaru
Zin

Shops:
D:5 !

Annotations:
D:3 2 runed translucent doors, howech's ghost, amateur MiBe
D:5 3 runed translucent doors, DoNotCum's ghost, novice MiBe; Laqueoixx's ghost, novice OpSh; Patrick2011b's ghost, novice DjHu


Innate Abilities, Weirdness & Mutations

You are immune to sickness and miasma.
You are immune to poison.
Your flesh is very heat resistant. (rF++)
You are vulnerable to cold. (rC-)
You float through the air rather than walking.
You learn spells naturally, not from books.
Your magical power is your life essence.
You have superior vitality. (+4 MHP)


Message History

a +0 rapier; a +0 leather armour; the human corpse of Eustachio
There is a stone staircase leading down here.
You start resting.
HP restored.
You see here a +0 trident.
Patrick2011b's ghost turns its malevolent gaze towards you.
Laqueoixx's ghost turns its malevolent gaze towards you.
Laqueoixx's ghost whispers, "It is all a dream - a grotesque and foolish dream."
Could not explore, unopened runed door.
DoNotCum's ghost grins evilly.
Laqueoixx's ghost screams, "You will never get the ORB!"
There is a stone staircase leading down here.
You fly downwards.
There is a stone staircase leading up here.
B - a bubbling brown potion
There are no items here.
Casting: Scorch (safe; 1% risk of failure)
Confirm with . or Enter, or press ? or * to list all spells.
Flames lash the boulder beetle but do no damage.
The boulder beetle curls into a ball and begins rolling!
Casting: Scorch (safe; 1% risk of failure)
Confirm with . or Enter, or press ? or * to list all spells.
Flames lash the boulder beetle but do no damage.
Casting: Scorch (safe; 1% risk of failure)
Confirm with . or Enter, or press ? or * to list all spells.
Flames lash the boulder beetle.
The boulder beetle is lightly wounded.
The boulder beetle's fire resistance burns away.
The boulder beetle hits you!!
The boulder beetle stops rolling and uncurls.
Casting: Scorch (safe; 1% risk of failure)
Confirm with . or Enter, or press ? or * to list all spells.
Flames lash the boulder beetle but do no damage.
The boulder beetle bites you!
Casting: Scorch (safe; 1% risk of failure)
Confirm with . or Enter, or press ? or * to list all spells.
Flames lash the boulder beetle but do no damage.
* * * LOW HITPOINT WARNING * * *
The boulder beetle bites you!!
You die...

.......
......#####
.........# ####.#
#..).#
#....###....# #
#.........####.#
#.#.<............#
#...........######
#..##..@.....## ##
#<.B#######
#...#.# #.#...#
#.###.# . .>. ##


You could see a boulder beetle (combustible).

Vanquished Creatures
  Grinder (D:5)
  Sigmund (D:5)
  Eustachio (D:5)
  Menkaure (D:5)
  A black bear (D:5)
  A sky beast (D:6)
  3 phantoms
  2 scorpions
  2 bombardier beetles
  3 hounds
  A sleepcap (D:4)
  2 orc wizards (D:5)
  3 iguanas
  17 adders
  7 gnolls
  3 dart slugs
  6 orcs
  10 endoplasms
  3 giant cockroaches
  5 goblins
  8 hobgoblins
  2 quokkas (D:1)
  12 ball pythons
  2 bats
  4 kobolds
  4 rats (D:1)
105 creatures vanquished.

Vanquished Creatures (collateral kills)
  A dart slug (D:2)
  A giant cockroach (D:3)
  A rat (D:1)
3 creatures vanquished.

Vanquished Creatures (others)
  A dancing weapon (D:5)
1 creature vanquished.

Grand Total: 109 creatures vanquished

Notes
Turn   | Place    | Note
-------+----------+-------------------------------------------
     0 | D:1      | monsoonserge the Djinni Monk began the quest for the Orb.
     0 | D:1      | Reached XP level 1. HP: 20/20 MP: 0/0
   103 | D:1      | Reached XP level 2. HP: 22/25 MP: 0/0
   273 | D:1      | Reached XP level 3. HP: 30/30 MP: 0/0
   273 | D:1      | Learned a level 1 spell: Summon Small Mammal
   959 | D:2      | Reached skill level 1 in Spellcasting
   959 | D:2      | Reached skill level 1 in Conjurations
   959 | D:2      | Reached skill level 1 in Hexes
   959 | D:2      | Reached skill level 1 in Summonings
   959 | D:2      | Reached skill level 1 in Necromancy
   959 | D:2      | Reached skill level 1 in Translocations
   959 | D:2      | Reached skill level 1 in Fire Magic
   959 | D:2      | Reached skill level 1 in Ice Magic
   959 | D:2      | Reached skill level 1 in Air Magic
   959 | D:2      | Reached skill level 1 in Earth Magic
   959 | D:2      | Reached skill level 1 in Alchemy
   959 | D:2      | Reached XP level 4. HP: 30/35 MP: 0/0
  1477 | D:3      | Found an iron altar of Okawaru.
  1510 | D:3      | Found a runed translucent door.
  1513 | D:3      | Noticed howech's ghost (amateur MiBe)
  1612 | D:3      | Reached skill level 4 in Dodging
  1636 | D:3      | Found a runed translucent door.
  1642 | D:3      | Found the +0 toga "Victory" {*Victory Clar}
  1657 | D:3      | Reached XP level 5. HP: 40/40 MP: 0/0
  1657 | D:3      | Learned a level 2 spell: Scorch
  1747 | D:3      | Reached skill level 1 in Armour
  1967 | D:2      | Reached XP level 6. HP: 21/47 MP: 0/0
  2425 | D:4      | Found a glowing silver altar of Zin.
  2513 | D:4      | Reached skill level 1 in Ranged Weapons
  2628 | D:4      | Reached XP level 7. HP: 43/52 MP: 0/0
  2628 | D:4      | Learned a level 3 spell: Tukima's Dance
  2991 | D:4      | Found a broken altar of Ashenzari.
  3019 | D:5      | Entered Level 5 of the Dungeon
  3115 | D:5      | Found Ipijaig's Distillery.
  3346 | D:5      | Reached skill level 5 in Dodging
  3346 | D:5      | Reached XP level 8. HP: 48/58 MP: 0/0
  3404 | D:5      | Noticed Sigmund
  3526 | D:5      | Killed Sigmund
  3594 | D:5      | Found a runed translucent gate.
  3595 | D:5      | Found a runed translucent gate.
  3596 | D:5      | Found a runed translucent gate.
  3597 | D:5      | Noticed Laqueoixx's ghost (novice OpSh)
  3597 | D:5      | Noticed Patrick2011b's ghost (novice DjHu)
  3599 | D:5      | Noticed DoNotCum's ghost (novice MiBe)
  3985 | D:5      | Noticed Grinder
  3992 | D:5      | Killed Grinder
  4223 | D:5      | Noticed Menkaure
  4242 | D:5      | Killed Menkaure
  4243 | D:5      | Reached skill level 6 in Dodging
  4243 | D:5      | Reached XP level 9. HP: 39/62 MP: 0/0
  4243 | D:5      | Learned a level 4 spell: Airstrike
  4611 | D:6      | Noticed a boulder beetle
  4774 | D:6      | Reached skill level 5 in Spellcasting
  4774 | D:6      | Reached skill level 5 in Conjurations
  4774 | D:6      | Reached skill level 5 in Hexes
  4774 | D:6      | Reached skill level 5 in Summonings
  4774 | D:6      | Reached skill level 5 in Necromancy
  4774 | D:6      | Reached skill level 5 in Translocations
  4774 | D:6      | Reached skill level 5 in Fire Magic
  4774 | D:6      | Reached skill level 5 in Ice Magic
  4774 | D:6      | Reached skill level 5 in Air Magic
  4774 | D:6      | Reached skill level 5 in Earth Magic
  4774 | D:6      | Reached skill level 5 in Alchemy
  4824 | D:6      | Noticed Eustachio
  4838 | D:5      | Killed Eustachio
  4971 | D:6      | Slain by a boulder beetle

Illustrated notes

Levels and vault maps discovered:
D:1:      minmay_arrival_hallway, layout_basic
D:2:      layout_rooms, grunt_decor_fettered
D:3:      layout_rooms, nicolae_overflow_guarded_unrand_okawaru_victory,
          hellmonk_ghost_happy_afterlife, minmay_misc_feat_room,
          minmay_snake_closets
D:4:      layout_rooms, kennysheep_orc_sif_temple,
          mainiacjoe_overflow_concentric_impassable,
          mainiacjoe_overflow_alcove_2, minmay_misc_feat_square
D:5:      layout_loops_corners, gammafunk_ghost_cemetery, serial_shops,
          nicolae_shop_crystal, minmay_misc_feat_four_crosses, minivault_11,
          nicolae_eternal_life, uniq_sigmund, uniq_grinder, uniq_menkaure
D:6:      layout_basic, minitemple, uniq_eustachio, uniq_crazy_yiuf_cottage,
          uniq_edmund, uniq_jeremiah

Skill      XL: |  1  2  3  4  5  6  7  8  9 |
---------------+----------------------------+-----
Long Blades    | 3 |  3.3
Spellcasting   | 1 2 3 4 5 |  5.7
Conjurations   | 1 2 3 4 5 |  5.7
Hexes          | 1 2 3 4 5 |  5.7
Summonings     | 1 2 3 4 5 |  5.7
Necromancy     | 1 2 3 4 5 |  5.7
Translocations | 1 2 3 4 5 |  5.7
Fire Magic     | 1 2 3 4 5 |  5.7
Ice Magic      | 1 2 3 4 5 |  5.7
Air Magic      | 1 2 3 4 5 |  5.7
Earth Magic    | 1 2 3 4 5 |  5.7
Alchemy        | 1 2 3 4 5 |  5.7
Dodging        | 4 5 6 |  6.0
Armour         | 1 2 4 |  4.4
Fighting       | 4 |  4.0
Ranged Weapons | 1 3 |  3.0

Action                     |  1- 3 |  4- 6 |  7- 9 || total
---------------------------+-------+-------+-------++-------
  Melee: Falchion          |    78 |     7 |       ||    85
   Fire: Shortbow          |       |   113 |    85 ||   198
   Cast: Summon Small Mamm |     9 |     8 |     1 ||    18
         Scorch            |       |    21 |    70 ||    91
         Tukima's Dance    |       |       |     9 ||     9
 Armour: Robe              |    41 |     3 |    21 ||    65
         Leather armour    |       |    37 |    49 ||    86
  Dodge: Dodged            |    57 |    73 |    54 ||   184
